Cogmind - Beta 13 X1 @@@ ROGUE MODE // 2023.08.12 @ 02:15:44 Player: Schmee Result: Destroyed by G-67 Veteran with Plasma Rifle Performance ------------- Evolutions (6) 3000 Regions Visited (21) 4200 Robots Destroyed (190) 950 Value Destroyed (7793) 7793 Prototype IDs (61) 1220 Alien Tech Used (1) 200 Bonus (4528) 4528 TOTAL SCORE: 21891 Bonus ------- High Alert Combat Kills 148 Follower Combat Kills 138 Entered DSFs 500 Aligned with FarCom 300 Met Data Miner 300 Met Zhirov 300 Met Warlord at Base 500 MAIN.C Attacked Warlord 500 Warlord Defense Kills 2212 Friendly Fire -370 Cogmind --------- Core Integrity 0/1150 Matter 300/300 Energy 100/100 System Corruption 27% Temperature Cool (0) Movement Core (1500) Ox29 Location -4/Warlord Parts ------- > --- POWER (2) -------- (None) > --- PROPULSION (6) --- (None) > --- UTILITY (8) ------ Huge Storage Unit Encrypted Comm Array Experimental Target Analyzer Experimental Core Analyzer > --- WEAPON (3) ------- RU-N14's Throwing Claymores v3 > --- INVENTORY (25) --- Heavy Antimatter Reactor Improved Cooling System Seismic Detector Recoil Stabilizer Hardened Heavy Armor Plating Layered Medium Armor Plating Layered Medium Armor Plating Thermal Shield Improved Hardlight Generator Advanced Shield Generator Transdimensional Reconstructor Vortex Shotgun (50) Vortex Shotgun (50) Advanced Plasma Cannon Bore Cannon Tiamat Missile Launcher RU-N14's Throwing Claymores v3 (10) RU-N14's Throwing Claymores v3 (10) Lance Peak State ------------ > --- POWER ------------ Vortex Chain Reactor > --- PROPULSION ------- Heavy Treads Heavy Treads Heavy Treads > --- UTILITY ---------- Advanced Cooling System Huge Storage Unit Encrypted Comm Array Experimental Target Analyzer Experimental Cloaking Device Layered Medium Armor Plating Thermal Barrier Advanced Shield Generator > --- WEAPON ----------- Heavy Gauss Cannon Heavy Autocannon > --- INVENTORY -------- Heavy Antimatter Reactor Armored Medium Treads Heavy Treads Improved Cooling System Seismic Detector Recoil Stabilizer Hardened Heavy Armor Plating Layered Medium Armor Plating Layered Medium Armor Plating Thermal Shield Improved Hardlight Generator Transdimensional Reconstructor Vortex Shotgun Vortex Shotgun Advanced Plasma Cannon Bore Cannon Tiamat Missile Launcher RU-N14's Throwing Claymores v3 RU-N14's Throwing Claymores v3 RU-N14's Throwing Claymores v3 RU-N14's Throwing Claymores v3 RU-N14's Throwing Claymores v3 Lance [Rating: 147] Favorites ----------- Power Ion Engine Engine Ion Engine Power Core Reinforced Fission Core Reactor Heavy Antimatter Reactor Propulsion Light Treads Treads Light Treads Leg Aluminum Leg Utility Improved Heat Sink Device Improved Heat Sink Storage Large Storage Unit Processor Experimental Target Analyzer Protection Layered Medium Armor Plating Weapon Firepult Energy Gun Wave Gun Energy Cannon Firepult Ballistic Gun Assault Rifle Ballistic Cannon Light Cannon Launcher Rocket Launcher Special Weapon RU-N14's Throwing Claymores v3 Piercing Weapon Lance Build | -11 -10 -10 -10 -9 -8 -7 -7 -7 -7 -6 -6 -6 -5 -5 -5 -5 -4 -4 -4 -4 -4 ------- Run | Jun Mat Min Exi Min Mat Fac Low Low Dat Pro Fac DSF Fac Upp Upp Zhi Pro Fac Upp Upp War Slots Evolved 12 | . . . . . 4 2 . . . . 2 . 2 . . . . 2 . . . Power 1 | . . . . . . . . . . . 1 . . . . . . . . . . Propulsion 4 | . . . . . 2 . . . . . . . 1 . . . . 1 . . . Utility 6 | . . . . . 2 2 . . . . 1 . 1 . . . . . . . . Weapon 1 | . . . . . . . . . . . . . . . . . . 1 . . . Parts Attached 156 | . 13 1 5 3 19 4 . 3 1 . 1 8 17 1 4 9 11 3 14 11 28 Power 13 | . 2 1 . . 3 . . . . . 1 . 3 . . 1 . . . . 2 Engine 8 | . 2 1 . . 3 . . . . . 1 . 1 . . . . . . . . Core 3 | . . . . . . . . . . . . . 2 . . . . . . . 1 Reactor 2 | . . . . . . . . . . . . . . . . 1 . . . . 1 Propulsion 26 | . 5 . . . 8 . . 1 . . . 3 2 . . . . 1 . 1 5 Treads 22 | . 4 . . . 8 . . 1 . . . 3 2 . . . . 1 . 1 2 Leg 4 | . 1 . . . . . . . . . . . . . . . . . . . 3 Wheel . | . . . . . . . . . . . . . . . . . . . . . . Hover . | . . . . . . . . . . . . . . . . . . . . . . Flight . | . . . . . . . . . . . . . . . . . . . . . . Utility 62 | . 2 . 2 1 6 4 . 2 . . . 5 7 1 . 5 4 1 5 5 12 Device 38 | . 1 . 1 1 4 2 . 2 . . . 1 5 . . 2 3 1 3 4 8 Storage 7 | . 1 . 1 . . 1 . . . . . 2 1 . . . . . 1 . . Processor 2 | . . . . . . . . . . . . . . . . . . . . . 2 Hackware . | . . . . . . . . . . . . . . . . . . . . . . Protection 15 | . . . . . 2 1 . . . . . 2 1 1 . 3 1 . 1 1 2 Artifact . | . . . . . . . . . . . . . . . . . . . . . . Weapon 55 | . 4 . 3 2 2 . . . 1 . . . 5 . 4 3 7 1 9 5 9 Energy Gun 9 | . 1 . . . . . . . . . . . . . . 1 2 . 2 2 1 Energy Cannon 19 | . . . 3 1 2 . . . 1 . . . 3 . 2 1 2 1 2 . 1 Ballistic Gun . | . . . . . . . . . . . . . . . . . . . . . . Ballistic Cannon 8 | . 3 . . 1 . . . . . . . . . . . . . . . 1 3 Launcher 10 | . . . . . . . . . . . . . 2 . . . 3 . 4 1 . Special Weapon 3 | . . . . . . . . . . . . . . . . . . . . . 3 Impact Weapon . | . . . . . . . . . . . . . . . . . . . . . . Slashing Weapon . | . . . . . . . . . . . . . . . . . . . . . . Piercing Weapon 6 | . . . . . . . . . . . . . . . 2 1 . . 1 1 1 Special Melee Weapon . | . . . . . . . . . . . . . . . . . . . . . . Unidentified Prototypes 21 | . . . 3 . 2 1 . . . . . . 1 . . 4 . . . . 10 Corrupted Parts 1 | . . . . . . . . . . . . . . . . . . . . . 1 System Corruption 11 | . . . . . . . . . . . . . . . . . . . . . 11 Parts Lost 40 | . . . . . 2 . . . . . . 4 1 . . . 3 1 3 8 18 Power 5 | . . . . . 1 . . . . . . . 1 . . . . . . 1 2 Propulsion 10 | . . . . . . . . . . . . 1 . . . . . . . 1 8 Utility 19 | . . . . . 1 . . . . . . 3 . . . . 2 1 3 5 4 Weapon 6 | . . . . . . . . . . . . . . . . . 1 . . 1 4 Highest Loss Streak 11 | . . . . . 1 . . . . . . 2 1 . . . 2 1 2 8 11 To Critical Strikes 2 | . . . . . . . . . . . . . . . . . 1 . . . 1 Average Slot Usage (%) 85 | . 97 100 82 85 84 90 92 92 84 92 86 74 79 82 82 79 87 80 80 75 76 Engine 7 | . 14 14 14 14 9 7 7 7 7 7 13 13 7 5 5 2 . . . . 1 Core 1 | . . . . . . . . . . . . . 2 5 5 5 5 5 5 . . Reactor 1 | . . . . . . . . . . . . . . . . 2 5 5 5 5 4 Treads 22 | . 15 28 28 28 34 30 30 30 30 30 26 15 17 17 17 17 17 14 15 14 14 Leg 1 | . 12 . . . . . . . . . . . . . . . . . . . . Device 21 | . 11 14 13 14 20 24 23 23 23 23 20 23 20 21 17 20 31 31 29 28 26 Storage 9 | . 14 14 14 14 9 7 7 7 7 7 6 7 12 11 11 11 5 5 5 5 5 Protection 6 | . . . . . 2 11 15 15 15 15 13 7 11 12 17 13 8 5 2 4 4 Energy Gun 1 | . 2 . . . . . . . . . . . . . . 1 4 5 3 2 1 Energy Cannon 5 | . . . 10 13 9 7 7 7 . 7 6 6 4 5 4 . 4 7 8 5 2 Ballistic Cannon 4 | . 20 28 . . . . . . . . . . . . . . . . . 4 7 Naked Turns . | . . . . . . . . . . . . . . . . . . . . . . Heaviest Build 180 | 11 32 34 50 50 54 60 60 60 60 60 65 73 152 152 152 166 166 151 155 155 180 Greatest Support 210 | 20 40 40 40 40 83 83 83 85 85 85 85 140 167 167 167 167 167 210 210 210 210 Greatest Overweight (x) 36 | . . . 1 1 1 . . . . . . . . . . . . 1 . . 36 Average Overweight (x) . | . . . . 1 . . . . . . . . . . . . . . . . . Largest Inventory Capacity 25 | 8 15 15 15 15 15 15 15 15 15 15 15 15 25 25 25 25 25 25 25 25 25 Average Capacity 19 | 8 10 15 15 15 15 15 15 15 15 15 15 15 22 25 25 25 25 25 25 25 25 Most Carried 25 | 6 15 15 15 15 15 15 15 15 15 15 14 15 25 25 25 25 25 24 23 19 25 Average Carried 17 | 6 8 14 15 14 14 14 15 15 15 15 14 14 20 24 24 24 21 21 20 16 22 Final Capacity 25 | 8 15 15 15 15 15 15 15 15 15 15 15 15 25 25 25 25 25 25 25 25 25 Final Carried 25 | 6 15 15 15 15 15 15 15 15 15 15 14 15 25 25 25 25 21 23 19 16 20 Class Distribution -------------------- 46% | Mutant 30% | Scavenger-Mutant 12% | Tank 7% | Skirmisher Dominant Class ---------------- Mutant | -10/Materials Mutant | -10/Mines Mutant | -10/Exiles Mutant | -9/Mines Scavenger-Mutant | -8/Materials Scavenger-Skirmisher | -7/Factory Scavenger-Mutant | -7/Lower Caves Mutant | -7/Lower Caves Mutant | -7/Data Miner Mutant | -6/Proximity Caves Skirmisher | -6/Factory Skirmisher | -6/DSF Scavenger-Mutant | -5/Factory Scavenger-Mutant | -5/Upper Caves Scavenger-Mutant | -5/Upper Caves Scavenger-Mutant | -5/Zhirov Mutant | -4/Proximity Caves Skirmisher | -4/Factory Tank | -4/Upper Caves Mutant | -4/Upper Caves Tank | -4/Warlord Resources | -11 -10 -10 -10 -9 -8 -7 -7 -7 -7 -6 -6 -6 -5 -5 -5 -5 -4 -4 -4 -4 -4 ----------- Run | Jun Mat Min Exi Min Mat Fac Low Low Dat Pro Fac DSF Fac Upp Upp Zhi Pro Fac Upp Upp War Matter Collected 3054 | 200 316 89 . 116 255 53 44 30 . 16 . 70 175 10 40 90 328 10 296 262 654 Remotely . | . . . . . . . . . . . . . . . . . . . . . . Salvage Created 8788 | 27 398 164 . 163 1627 93 303 586 . 267 . 1146 615 324 394 348 399 . 638 669 627 Parts 260 | . 28 13 . 15 56 4 8 12 . 2 . 12 14 8 9 5 19 . 26 16 13 Haulers Intercepted 5 | . 2 . . . 2 1 . . . . . . . . . . . . . . . Recyclers Shooed 2 | . . . . 1 1 . . . . . . . . . . . . . . . . Parts Field Recycled . | . . . . . . . . . . . . . . . . . . . . . . Retrieved Matter . | . . . . . . . . . . . . . . . . . . . . . . Parts Self-Destructed 108 | . . . . . . . 18 8 . 7 . . . 8 9 4 15 . 24 15 . Prevented 3 | . . . . . . . 3 . . . . . . . . . . . . . . Kills | -11 -10 -10 -10 -9 -8 -7 -7 -7 -7 -6 -6 -6 -5 -5 -5 -5 -4 -4 -4 -4 -4 ------- Run | Jun Mat Min Exi Min Mat Fac Low Low Dat Pro Fac DSF Fac Upp Upp Zhi Pro Fac Upp Upp War Combat Hostiles Destroyed 160 | . 7 6 . 7 26 1 6 11 . 5 . 9 11 7 9 . 13 . 17 11 14 Melee 6 | . . . . 1 . . . . . . . . . . 3 . . . . 1 1 Guns 7 | . 4 . . . . . . . . . . . . . . . 1 . . 2 . Cannons 34 | . 3 6 . 2 5 1 . . . . . . . . . . 4 . 4 4 5 AOE 79 | . . . . 4 15 . 3 5 . 1 . 6 7 5 3 . 8 . 11 3 8 Classes Destroyed 20 | 1 5 1 . . 4 1 . . . . . 2 1 . 1 . . . . 1 3 Worker 6 | . . . . . 5 1 . . . . . . . . . . . . . . . Builder 6 | . . . . . 5 . . . . . . . 1 . . . . . . . . Tunneler 2 | 1 . . . . 1 . . . . . . . . . . . . . . . . Hauler 5 | . 2 . . . 2 1 . . . . . . . . . . . . . . . Recycler 2 | . 1 . . . 1 . . . . . . . . . . . . . . . . Carrier 1 | . . . . . . . . . . . . 1 . . . . . . . . . Minesweeper 2 | . . . . . . . . . . . . . . . 2 . . . . . . Watcher 5 | . 3 . . . 2 . . . . . . . . . . . . . . . . Swarmer 50 | . 5 3 . 4 3 . . . . . . 7 4 4 5 . 5 . 10 . . Saboteur 1 | . . . . . . . . . . . . . . . . . . . . . 1 Grunt 60 | . 2 2 . 3 13 . 4 6 . 3 . . 3 . 4 . 4 . 4 5 7 Brawler 6 | . . . . . . . . . . . . . 1 1 . . . . 1 3 . Duelist 6 | . . . . . 1 . . 1 . 1 . . . 1 . . . . 1 1 . Protector 2 | . . . . . . . . . . . . . . . . . . . . 1 1 Sentry 15 | . . 1 . . 8 . 1 . . . . . 2 1 . . . . 1 1 . Hunter 5 | . . . . . 1 . . . . . . 1 . . . . 2 . . . 1 Programmer 5 | . . . . . . 1 1 . . 1 . . . . . . 2 . . . . Heavy 2 | . . . . . . . . . . . . 1 1 . . . . . . . . Executioner 4 | . . . . . . . . . . . . . . . . . . . . . 4 Decomposer 1 | . . . . . . . . . . . . . . . . . . . . 1 . Thug 4 | . . . . . . . . 4 . . . . . . . . . . . . . Mutant 1 | . . . . . . . . . . . . . . . . . . . . . 1 Best Kill Streak 8 | 1 4 3 . 3 8 2 4 4 . 4 . 5 4 4 5 . 5 . 5 5 6 Combat Bots Only 6 | . 3 3 . 3 6 1 4 4 . 4 . 4 4 4 5 . 5 . 5 5 6 Max Kills in Single Turn 6 | 1 1 1 . 3 3 1 2 3 . 2 . 4 3 2 2 . 3 . 3 1 6 Gunslinging . | . . . . . . . . . . . . . . . . . . . . . . Exploded 5 | . . . . 3 2 . 2 2 . 1 . 2 3 2 2 . 3 . 3 1 5 Melee 1 | . . . . 1 . . . . . . . . . . 1 . . . . 1 1 Uniques/NPCs Destroyed . | . . . . . . . . . . . . . . . . . . . . . . Combat | -11 -10 -10 -10 -9 -8 -7 -7 -7 -7 -6 -6 -6 -5 -5 -5 -5 -4 -4 -4 -4 -4 -------- Run | Jun Mat Min Exi Min Mat Fac Low Low Dat Pro Fac DSF Fac Upp Upp Zhi Pro Fac Upp Upp War Damage Taken 11023 | . 148 61 . 65 958 61 156 188 . 271 . 266 220 78 199 . 975 31 792 1131 5423 Core 1407 | . 23 10 . . 65 . . 19 . 34 . 17 . . 13 . 71 . 74 71 1010 Absorbed by Shields 1267 | . . . . . . . . . . . . . . . . . . . 114 240 913 Redirected to Shielding 106 | . . . . . 36 . 12 10 . 41 . 7 . . . . . . . . . Ignored by Resistances 1159 | . . . . . . . . . . . . . 12 . 11 . 79 . 93 350 614 Regen/Repaired (Parts) 340 | . . . . . . . . . . . . . . . . . . . . . 340 Core Remaining (%) 92 | 100 . . . 86 88 . . . . 92 . 98 . . . . 91 . . . . Volleys Fired 248 | 7 28 8 . 6 39 3 7 10 . 6 . 11 10 6 7 . 30 5 23 23 19 Largest 3 | 2 2 2 . 1 1 1 1 1 . 1 . 1 1 1 1 . 2 3 3 3 3 Hottest 250 | 40 70 70 . 250 250 250 250 250 . 250 . 250 250 250 250 . 179 247 247 247 151 Shots Fired 414 | 14 58 17 . 7 39 4 8 10 . 7 . 11 10 6 7 . 52 12 52 62 38 Gun 114 | 14 44 . . . . . . . . . . . . . . . 19 5 12 20 . Cannon 270 | . 14 17 . 7 39 4 8 10 . 7 . 11 10 6 7 . 22 7 30 39 32 Launcher 24 | . . . . . . . . . . . . . . . . . 11 . 10 3 . Special 6 | . . . . . . . . . . . . . . . . . . . . . 6 Kinetic 112 | 14 36 17 . 3 . . . . . . . . . . . . . . . 10 32 Thermal 272 | . 22 . . 4 39 4 8 10 . 7 . 11 10 6 7 . 41 12 42 49 . Explosive 30 | . . . . . . . . . . . . . . . . . 11 . 10 3 6 Electromagnetic . | . . . . . . . . . . . . . . . . . . . . . . Robot Hit Streak 22 | 4 9 7 . 3 16 6 4 5 . 8 . 3 4 4 3 . 6 3 19 22 3 Robot Miss Streak 5 | 4 3 2 . 3 5 3 2 5 . 2 . 4 5 3 4 . 2 2 2 3 2 Penetration Max . | . . . . . . . . . . . . . . . . . . . . . . Secondary Targets . | . . . . . . . . . . . . . . . . . . . . . . Shots Hit Robots 294 | 8 36 10 . 5 36 3 6 7 . 7 . 11 10 6 8 9 29 3 40 43 17 Core Hits 350 | 2 17 8 . 9 66 4 13 25 . 17 . 28 19 11 12 5 24 . 27 35 28 Critical Kills 1 | . . . . . . . . . . . . . . . . . . . . 1 . Critical Parts Destroyed . | . . . . . . . . . . . . . . . . . . . . . . Critical Strikes 12 | . 2 1 . . . . . . . . . . . . . . 1 . . 3 5 Burn 2 | . 1 . . . . . . . . . . . . . . . 1 . . . . Meltdown 1 | . . . . . . . . . . . . . . . . . . . . 1 . Blast 7 | . 1 1 . . . . . . . . . . . . . . . . . 2 3 Sever 2 | . . . . . . . . . . . . . . . . . . . . . 2 Melee Attacks 18 | . . . . . . . . . . . . . . . 4 9 . . 3 2 . Impact . | . . . . . . . . . . . . . . . . . . . . . . Slashing . | . . . . . . . . . . . . . . . . . . . . . . Piercing 18 | . . . . . . . . . . . . . . . 4 9 . . 3 2 . Sneak Attacks 2 | . . . . . . . . . . . . . . . . . . . . 2 . Combat Hostiles . | . . . . . . . . . . . . . . . . . . . . . . Follow-up Attacks . | . . . . . . . . . . . . . . . . . . . . . . Damage Inflicted 20209 | 82 502 221 . 424 2922 202 511 788 . 611 . 987 864 429 756 574 2161 100 2357 2019 3699 Guns 1381 | 82 379 . . . . . . . . . . . . . . . 274 32 224 390 . Cannons 5042 | . 117 200 . 111 692 52 90 109 . 76 . 184 172 85 103 . 535 68 634 821 993 Explosions 12336 | . . . . 297 2141 150 421 679 . 535 . 803 678 344 522 . 1352 . 1270 679 2465 Melee 1060 | . . . . . . . . . . . . . . . 128 574 . . 229 129 . Ramming 149 | . 6 21 . 16 89 . . . . . . . 14 . 3 . . . . . . Kinetic 1869 | 82 345 200 . 19 . . . . . . . . . . . . . . . 230 993 Thermal 11124 | . 151 . . 389 2833 202 511 788 . 611 . 987 850 429 625 . 809 100 858 981 . Explosive 5766 | . . . . . . . . . . . . . . . . . 1352 . 1270 679 2465 Electromagnetic . | . . . . . . . . . . . . . . . . . . . . . . Impact . | . . . . . . . . . . . . . . . . . . . . . . Slashing 241 | . . . . . . . . . . . . . . . . . . . . . 241 Piercing 1060 | . . . . . . . . . . . . . . . 128 574 . . 229 129 . Highest Corruption 27 | . 2 2 2 2 2 2 2 2 2 2 . . . . . . . . . 6 27 Average Corruption 2 | . 2 2 2 2 2 1 2 2 2 2 . . . . . . . . . 5 7 Corruption Purged . | . . . . . . . . . . . . . . . . . . . . . . Corruption Blocked . | . . . . . . . . . . . . . . . . . . . . . . Effects 137 | . 10 19 17 16 12 2 10 6 2 4 . . . . . . . . . 26 13 Message Errors 37 | . 2 5 3 5 5 . 2 2 1 1 . . . . . . . . . 8 3 Matter Fused 33 | . 5 3 2 5 2 1 3 . . 1 . . . . . . . . . 7 4 Heat Flow Errors 17 | . 1 4 2 . 1 . 4 2 1 1 . . . . . . . . . . 1 Energy Discharges 7 | . . 2 2 2 . . . . . . . . . . . . . . . 1 . Data Loss (minor) 21 | . . 1 6 2 1 . . 1 . . . . . . . . . . . 7 3 Data Loss (major) 8 | . . 2 2 1 2 . . 1 . . . . . . . . . . . . . Misfires 8 | . 2 1 . 1 . 1 1 . . 1 . . . . . . . . . 1 . Alerts 5 | . . 1 . . 1 . . . . . . . . . . . . . . 1 2 Weapon Failures 1 | . . . . . . . . . . . . . . . . . . . . 1 . Overload Shots . | . . . . . . . . . . . . . . . . . . . . . . Overflow Damage 599 | . . . . 1 32 . . 8 . 5 . . 4 . 24 54 37 . 180 97 157 Projectiles 177 | . . . . 1 . . . . . . . . . . . . 37 . 29 36 74 Explosions 163 | . . . . . 22 . . 8 . 5 . . 4 . 10 . . . 31 . 83 Melee 259 | . . . . . 10 . . . . . . . . . 14 54 . . 120 61 . Knockbacks 14 | . . 2 . . . . . . . . . . . . . . . . . 3 9 Impact . | . . . . . . . . . . . . . . . . . . . . . . Kinetic 12 | . . 2 . . . . . . . . . . . . . . . . . 2 8 Secondary 2 | . . . . . . . . . . . . . . . . . . . . 1 1 Self-Inflicted Damage 558 | . . . . 34 161 17 73 82 . . . 76 . 13 26 . . . 76 . . Shots 54 | . . . . 6 14 3 8 7 . . . 8 . 2 2 . . . 4 . . Rammed 16 | . . 6 . 3 6 . . . . . . . . . . . . 1 . . . Targets Rammed 23 | . 1 6 . 4 9 . . . . . . . 1 . 1 . . 1 . . . Kicked 1 | . 1 . . . . . . . . . . . . . . . . . . . . Crushed 6 | . . . . 1 3 . . . . . . . 1 . 1 . . . . . . Highest Temperature 586 | . 130 324 273 444 586 206 437 301 101 292 . 300 234 216 208 . 35 2 . 276 197 Average Temperature 124 | . 18 101 129 164 178 88 153 155 53 112 . 125 105 112 86 . 11 1 . 115 97 Received Heat Transfer 1743 | . 24 15 . . 369 . 9 54 . 18 . . 45 . 27 . 163 . 116 325 578 Effects 11 | . . 2 . . 8 . . . . . . . 1 . . . . . . . . Shutdowns 1 | . . . . . 1 . . . . . . . . . . . . . . . . Energy Bleed 5 | . . 2 . . 2 . . . . . . . 1 . . . . . . . . Interference 4 | . . . . . 4 . . . . . . . . . . . . . . . . Matter Decay 1 | . . . . . 1 . . . . . . . . . . . . . . . . Siege Activations . | . . . . . . . . . . . . . . . . . . . . . . Robots Corrupted . | . . . . . . . . . . . . . . . . . . . . . . Combat Hostiles . | . . . . . . . . . . . . . . . . . . . . . . Parts Fried . | . . . . . . . . . . . . . . . . . . . . . . Impact Corruptions 3 | . . . . . 2 . . . . . . . . . . . . . . 1 . Robots Melted 41 | . . . . . 9 1 3 6 . 4 . 5 4 2 4 . . . 2 1 . Combat Hostiles 34 | . . . . . 6 . 3 6 . 4 . 3 4 2 3 . . . 2 1 . Parts Melted 201 | . 1 . . 3 72 5 7 23 . 15 . 28 16 7 9 . 3 . 7 4 1 Heat Transferred 47601 | . 518 . . 1920 14880 880 2640 4640 . 3280 . 5760 4080 2240 3120 . 1007 124 1277 1235 . Parts Sabotaged . | . . . . . . . . . . . . . . . . . . . . . . Parts Stolen . | . . . . . . . . . . . . . . . . . . . . . . Parts Stripped . | . . . . . . . . . . . . . . . . . . . . . . Power Chain Reactions . | . . . . . . . . . . . . . . . . . . . . . . Missiles Intercepted . | . . . . . . . . . . . . . . . . . . . . . . Alert | -11 -10 -10 -10 -9 -8 -7 -7 -7 -7 -6 -6 -6 -5 -5 -5 -5 -4 -4 -4 -4 -4 ------- Run | Jun Mat Min Exi Min Mat Fac Low Low Dat Pro Fac DSF Fac Upp Upp Zhi Pro Fac Upp Upp War Peak Influence 552 | 5 169 93 . 177 552 249 . . . . 8 243 274 . . . . 56 . . . Initial 191 | . 3 2 . . . 191 . . . . 8 5 127 . . . . . . . . Average 171 | 2 50 51 . 39 422 208 . . . . 8 122 164 . . . . 28 . . . Maximum Alert Level 2 | . . . . . 2 1 . . . . . 1 1 . . . . . . . . Low Security (%) 68 | 100 100 100 . 100 9 31 . . . . 100 85 79 . . . . 100 . . . Level 1 9 | . . . . . 9 68 . . . . . 14 20 . . . . . . . . Level 2 21 | . . . . . 80 . . . . . . . . . . . . . . . . Level 3 . | . . . . . . . . . . . . . . . . . . . . . . Level 4 . | . . . . . . . . . . . . . . . . . . . . . . Level 5 . | . . . . . . . . . . . . . . . . . . . . . . High Security . | . . . . . . . . . . . . . . . . . . . . . . Max Security . | . . . . . . . . . . . . . . . . . . . . . . Sterilizations 1 | . . . . . . . . . . . . 1 . . . . . . . . . Squads Dispatched 11 | . . . . . 7 1 . . . . . 1 1 . . . . . . 1 . Investigation 2 | . . . . . 2 . . . . . . . . . . . . . . . . Extermination 1 | . . . . . . 1 . . . . . . . . . . . . . . . Reinforcement 5 | . . . . . 3 . . . . . . 1 1 . . . . . . . . Assault 1 | . . . . . . . . . . . . . . . . . . . . 1 . Garrison 2 | . . . . . 2 . . . . . . . . . . . . . . . . Intercept . | . . . . . . . . . . . . . . . . . . . . . . Searches Triggered . | . . . . . . . . . . . . . . . . . . . . . . Construction Impeded 1 | . . . . . 1 . . . . . . . . . . . . . . . . Haulers Reinforced . | . . . . . . . . . . . . . . . . . . . . . . Active Scanning Responses . | . . . . . . . . . . . . . . . . . . . . . . Cargo Convoy Interrupts . | . . . . . . . . . . . . . . . . . . . . . . Stealth | -11 -10 -10 -10 -9 -8 -7 -7 -7 -7 -6 -6 -6 -5 -5 -5 -5 -4 -4 -4 -4 -4 --------- Run | Jun Mat Min Exi Min Mat Fac Low Low Dat Pro Fac DSF Fac Upp Upp Zhi Pro Fac Upp Upp War Distress Signals 8 | . 3 . . . 4 . . . . . . . . . . . . 1 . . . Communications Jammed . | . . . . . . . . . . . . . . . . . . . . . . Distress Signals . | . . . . . . . . . . . . . . . . . . . . . . Times Spotted 226 | . 17 11 . 4 33 3 5 11 . 5 . 5 11 5 9 . 15 4 17 11 60 Peak Tracking Total 13 | . 5 10 . 1 5 2 4 4 . 2 . 3 4 2 5 . 5 2 5 5 13 Tactical Retreats 8 | . 3 . . . 1 . . . . . . 1 . . 1 . 1 . . . 1 Traps | -11 -10 -10 -10 -9 -8 -7 -7 -7 -7 -6 -6 -6 -5 -5 -5 -5 -4 -4 -4 -4 -4 ------- Run | Jun Mat Min Exi Min Mat Fac Low Low Dat Pro Fac DSF Fac Upp Upp Zhi Pro Fac Upp Upp War Traps Triggered 4 | . 2 . . . . . . . . . . 1 . . . . . 1 . . . Indirectly . | . . . . . . . . . . . . . . . . . . . . . . Trap Hack Attempts . | . . . . . . . . . . . . . . . . . . . . . . Triggered . | . . . . . . . . . . . . . . . . . . . . . . Disarmed . | . . . . . . . . . . . . . . . . . . . . . . Reprogrammed . | . . . . . . . . . . . . . . . . . . . . . . Reused . | . . . . . . . . . . . . . . . . . . . . . . Traps Extracted . | . . . . . . . . . . . . . . . . . . . . . . Installed . | . . . . . . . . . . . . . . . . . . . . . . Triggered 23 | . . . . . . . 3 . . . . . . 2 1 . . . 1 . 16 Machines | -11 -10 -10 -10 -9 -8 -7 -7 -7 -7 -6 -6 -6 -5 -5 -5 -5 -4 -4 -4 -4 -4 ---------- Run | Jun Mat Min Exi Min Mat Fac Low Low Dat Pro Fac DSF Fac Upp Upp Zhi Pro Fac Upp Upp War Machines Disabled 16 | . . 1 . . 11 1 . . . . . 1 . . . . . 1 . 1 . Max in Single Turn 2 | . . 1 . . 2 1 . . . . . 1 . . . . . 1 . 1 . Garrison Access 1 | . . . . . 1 . . . . . . . . . . . . . . . . Machines Repaired . | . . . . . . . . . . . . . . . . . . . . . . Machines Sabotaged . | . . . . . . . . . . . . . . . . . . . . . . Overloaded Fab Kills . | . . . . . . . . . . . . . . . . . . . . . . Hacking | -11 -10 -10 -10 -9 -8 -7 -7 -7 -7 -6 -6 -6 -5 -5 -5 -5 -4 -4 -4 -4 -4 --------- Run | Jun Mat Min Exi Min Mat Fac Low Low Dat Pro Fac DSF Fac Upp Upp Zhi Pro Fac Upp Upp War Machines Accessed 33 | . 5 1 3 . 6 1 . . 4 . 1 . 2 . 1 4 . 3 1 . 1 Terminals 15 | . 5 1 . . 5 . . . . . 1 . . . . . . 2 1 . . Fabricators 1 | . . . . . . . . . . . . . . . . . . 1 . . . Repair Stations 3 | . . . . . . 1 . . . . . . 2 . . . . . . . . Recycling Units . | . . . . . . . . . . . . . . . . . . . . . . Scanalyzers . | . . . . . . . . . . . . . . . . . . . . . . Garrison Access 1 | . . . . . 1 . . . . . . . . . . . . . . . . Total Hacks 81 | . 10 2 4 . 10 1 . . 30 . 1 . 3 . 1 11 . 6 1 . 1 Successful 57 | . 3 1 4 . 2 . . . 30 . 1 . . . 1 11 . 2 1 . 1 Failed 24 | . 7 1 . . 8 1 . . . . . . 3 . . . . 4 . . . Catastrophic 9 | . 3 . . . 6 . . . . . . . . . . . . . . . . Database Lockouts . | . . . . . . . . . . . . . . . . . . . . . . Manual 22 | . 9 2 1 . 7 . . . . . . . . . . . . 2 . . 1 Terminals 27 | . 10 2 . . 8 . . . . . 1 . . . . . . 5 1 . . Fabricators 1 | . . . . . . . . . . . . . . . . . . 1 . . . Repair Stations 4 | . . . . . . 1 . . . . . . 3 . . . . . . . . Recycling Units . | . . . . . . . . . . . . . . . . . . . . . . Scanalyzers . | . . . . . . . . . . . . . . . . . . . . . . Garrison Access 2 | . . . . . 2 . . . . . . . . . . . . . . . . Terminal Hacks 56 | . 3 1 4 . 1 . . . 30 . 1 . . . 1 11 . 2 1 . 1 Record 19 | . . . 3 . . . . . 11 . . . . . . 3 . 1 1 . . Part Schematic 13 | . . . . . . . . . 9 . . . . . . 4 . . . . . Robot Schematic 7 | . . . . . . . . . 7 . . . . . . . . . . . . Prototype ID Bank 7 | . . . . . . . . . 3 . . . . . . 4 . . . . . Open Door 2 | . . . . . . . . . . . . . . . 1 . . . . . 1 Open DSF 1 | . . . . . . . . . . . 1 . . . . . . . . . . Branch Access Points 3 | . 1 1 . . . . . . . . . . . . . . . 1 . . . Unreport Threat 2 | . 1 . . . 1 . . . . . . . . . . . . . . . . Hauler Manifests 1 | . 1 . . . . . . . . . . . . . . . . . . . . Derelict Proto ID Bank 1 | . . . 1 . . . . . . . . . . . . . . . . . . Fabricator Hacks . | . . . . . . . . . . . . . . . . . . . . . . Repair Station Hacks . | . . . . . . . . . . . . . . . . . . . . . . Recycling Unit Hacks . | . . . . . . . . . . . . . . . . . . . . . . Scanalyzer . | . . . . . . . . . . . . . . . . . . . . . . Garrison Access Hacks 1 | . . . . . 1 . . . . . . . . . . . . . . . . Seal Access 1 | . . . . . 1 . . . . . . . . . . . . . . . . Unauthorized Hacks . | . . . . . . . . . . . . . . . . . . . . . . Terminals . | . . . . . . . . . . . . . . . . . . . . . . Fabricators . | . . . . . . . . . . . . . . . . . . . . . . Repair Stations . | . . . . . . . . . . . . . . . . . . . . . . Recycling Units . | . . . . . . . . . . . . . . . . . . . . . . Scanalyzers . | . . . . . . . . . . . . . . . . . . . . . . Garrison Access . | . . . . . . . . . . . . . . . . . . . . . . Data Cores Recovered . | . . . . . . . . . . . . . . . . . . . . . . Used . | . . . . . . . . . . . . . . . . . . . . . . Hacking Detections 15 | . 4 . . . 5 1 . . . . 1 . 1 . . . . 3 . . . Full Trace Events 3 | . 1 . . . 2 . . . . . . . . . . . . . . . . Feedback Events . | . . . . . . . . . . . . . . . . . . . . . . Feedback Blocked . | . . . . . . . . . . . . . . . . . . . . . . Robot Schematics Acquired 7 | . . . . . . . . . 7 . . . . . . . . . . . . Robots Built . | . . . . . . . . . . . . . . . . . . . . . . Authchips . | . . . . . . . . . . . . . . . . . . . . . . Time . | . . . . . . . . . . . . . . . . . . . . . . Total Robot Build Rating . | . . . . . . . . . . . . . . . . . . . . . . Part Schematics Acquired 13 | . . . . . . . . . 9 . . . . . . 4 . . . . . Parts Built . | . . . . . . . . . . . . . . . . . . . . . . Authchips . | . . . . . . . . . . . . . . . . . . . . . . Time . | . . . . . . . . . . . . . . . . . . . . . . Total Part Build Rating . | . . . . . . . . . . . . . . . . . . . . . . Parts Repaired . | . . . . . . . . . . . . . . . . . . . . . . Time . | . . . . . . . . . . . . . . . . . . . . . . Parts Recycled . | . . . . . . . . . . . . . . . . . . . . . . Recycled Matter . | . . . . . . . . . . . . . . . . . . . . . . Retrieved Matter . | . . . . . . . . . . . . . . . . . . . . . . Retrieved Components . | . . . . . . . . . . . . . . . . . . . . . . Parts Scanalyzed . | . . . . . . . . . . . . . . . . . . . . . . Part Schematics Acquired . | . . . . . . . . . . . . . . . . . . . . . . Parts Damaged . | . . . . . . . . . . . . . . . . . . . . . . Bothacking | -11 -10 -10 -10 -9 -8 -7 -7 -7 -7 -6 -6 -6 -5 -5 -5 -5 -4 -4 -4 -4 -4 ------------ Run | Jun Mat Min Exi Min Mat Fac Low Low Dat Pro Fac DSF Fac Upp Upp Zhi Pro Fac Upp Upp War Used RIF Installer . | . . . . . . . . . . . . . . . . . . . . . . Robots Hacked . | . . . . . . . . . . . . . . . . . . . . . . Non-combat . | . . . . . . . . . . . . . . . . . . . . . . Combat . | . . . . . . . . . . . . . . . . . . . . . . Robot Hacks Applied . | . . . . . . . . . . . . . . . . . . . . . . Relay Couplers Released . | . . . . . . . . . . . . . . . . . . . . . . Fabnet Peak Effective % . | . . . . . . . . . . . . . . . . . . . . . . Robots Rewired . | . . . . . . . . . . . . . . . . . . . . . . Allies Hacked . | . . . . . . . . . . . . . . . . . . . . . . Hacks Repelled . | . . . . . . . . . . . . . . . . . . . . . . Allies | -11 -10 -10 -10 -9 -8 -7 -7 -7 -7 -6 -6 -6 -5 -5 -5 -5 -4 -4 -4 -4 -4 -------- Run | Jun Mat Min Exi Min Mat Fac Low Low Dat Pro Fac DSF Fac Upp Upp Zhi Pro Fac Upp Upp War Total Allies 1 | . . . . . . . . . . 1 . . . . . . . . . . . Largest Group 1 | . . . . . . . . . . 1 1 1 . . . . . . . . . Highest-Rated Group 96 | . . . . . . . . . . 96 96 96 . . . . . . . . . Highest-Rated Ally 96 | . . . . . . . . . . 96 96 96 . . . . . . . . . Total Orders . | . . . . . . . . . . . . . . . . . . . . . . Ally Attacks 14 | . . . . . . . . . . 9 . 5 . . . . . . . . . Total Damage 375 | . . . . . . . . . . 325 . 50 . . . . . . . . . Kills 3 | . . . . . . . . . . 3 . . . . . . . . . . . Allies Corrupted . | . . . . . . . . . . . . . . . . . . . . . . Allies Melted . | . . . . . . . . . . . . . . . . . . . . . . Intel | -11 -10 -10 -10 -9 -8 -7 -7 -7 -7 -6 -6 -6 -5 -5 -5 -5 -4 -4 -4 -4 -4 ------- Run | Jun Mat Min Exi Min Mat Fac Low Low Dat Pro Fac DSF Fac Upp Upp Zhi Pro Fac Upp Upp War Robot Analysis Total . | . . . . . . . . . . . . . . . . . . . . . . Derelict Logs Recovered 15 | . . 2 . . . . 3 2 . 1 . . . . 2 . 1 . 2 2 . Drone Launches . | . . . . . . . . . . . . . . . . . . . . . . Drone Recoveries . | . . . . . . . . . . . . . . . . . . . . . . Exploration | -11 -10 -10 -10 -9 -8 -7 -7 -7 -7 -6 -6 -6 -5 -5 -5 -5 -4 -4 -4 -4 -4 ------------- Run | Jun Mat Min Exi Min Mat Fac Low Low Dat Pro Fac DSF Fac Upp Upp Zhi Pro Fac Upp Upp War Turns Passed 17423 | 30 1394 1163 1288 837 2048 409 719 648 185 427 86 336 757 742 672 452 1330 469 955 953 1523 Spaces Moved 9501 | 9 871 701 589 336 1125 243 428 373 118 260 55 179 414 442 393 250 606 244 521 516 828 Core 1 | . . . . . . . . . . . . . . . . . . . . . 1 Treads 9090 | . 470 701 589 336 1125 243 428 373 118 260 55 179 414 442 393 250 606 244 521 516 827 Legs 410 | 9 401 . . . . . . . . . . . . . . . . . . . . Wheels . | . . . . . . . . . . . . . . . . . . . . . . Hover . | . . . . . . . . . . . . . . . . . . . . . . Flight . | . . . . . . . . . . . . . . . . . . . . . . Fastest Speed 120 | 120 120 160 160 240 160 160 160 156 156 156 156 155 160 163 163 163 163 160 160 160 160 Average Speed 166 | 120 141 160 217 240 164 160 160 156 156 156 156 159 161 163 163 163 163 161 160 160 166 Slowest Speed 1850 | 120 160 160 240 240 240 160 160 160 156 156 156 160 163 163 163 163 163 240 160 160 1850 Overloaded Moves . | . . . . . . . . . . . . . . . . . . . . . . Propulsion Burnouts . | . . . . . . . . . . . . . . . . . . . . . . Robots Hopped . | . . . . . . . . . . . . . . . . . . . . . . Cave-ins Triggered . | . . . . . . . . . . . . . . . . . . . . . . Exploration Rate (%) 54 | 3 93 89 91 69 64 7 60 53 71 47 2 90 12 63 52 62 63 7 63 62 82 Regions Visited 21 Branch Regions 14 Pre-discovered Areas 8 | . . 1 . . . . . . 1 . . . . 1 1 2 . . 1 1 . Known Exits Taken 3 | . 1 . . . . . . . . . 1 . . . . . . 1 . . . Unknown Exits Taken 17 | 1 . 1 1 1 1 1 1 1 1 1 . . 1 1 1 1 1 . 1 1 . Scrap Searched 11 | . . 1 . 1 . . 2 3 . 1 . . . 1 . . . . . 2 . Spaces Dug 19 | . . . . . 7 . . . . . . . . . . . 7 5 . . . Terrain Destroyed 537 | . . . . 18 173 . . . . . . . . . . . 123 6 92 37 88 Melee . | . . . . . . . . . . . . . . . . . . . . . . Projectile 70 | . . . . 2 18 . . . . . . . . . . . 19 6 5 10 10 AOE 467 | . . . . 16 155 . . . . . . . . . . . 104 . 87 27 78 Terrain Rammed . | . . . . . . . . . . . . . . . . . . . . . . Walls Destroyed . | . . . . . . . . . . . . . . . . . . . . . . Machines Disabled . | . . . . . . . . . . . . . . . . . . . . . . Actions | -11 -10 -10 -10 -9 -8 -7 -7 -7 -7 -6 -6 -6 -5 -5 -5 -5 -4 -4 -4 -4 -4 --------- Run | Jun Mat Min Exi Min Mat Fac Low Low Dat Pro Fac DSF Fac Upp Upp Zhi Pro Fac Upp Upp War Total 10751 | 15 977 725 599 356 1287 260 455 428 119 275 55 222 493 458 412 282 895 308 591 592 947 Wait 647 | . 45 1 . 4 70 10 21 40 . 10 . 9 34 8 . 1 249 52 30 40 23 Move 9480 | 8 870 700 588 335 1124 242 427 372 117 259 54 178 413 441 392 249 605 243 520 515 828 Hop . | . . . . . . . . . . . . . . . . . . . . . . Pick Up 55 | . 10 4 . 1 7 . . . . . . 4 4 1 . 2 . 3 . 1 18 Fast Attach 73 | . 7 . 5 1 10 1 . 1 1 . . 6 10 . 2 7 . . . 4 18 Attach 34 | . . . . 1 3 2 . . . . 1 1 4 . 2 1 4 2 5 3 5 Detach 24 | . . . . 1 2 1 . . . . . 4 9 . 2 1 . 1 1 . 2 Swap 50 | . 6 1 . 1 6 1 . 2 . . . 1 3 1 . 2 7 1 9 4 5 Drop 98 | . 10 5 6 2 17 . . 3 1 . . 8 5 1 2 9 . . . . 29 Fire 248 | 7 28 8 . 6 39 3 7 10 . 6 . 11 10 6 7 . 30 5 23 23 19 Melee 18 | . . . . . . . . . . . . . . . 4 9 . . 3 2 . Ram . | . . . . . . . . . . . . . . . . . . . . . . Kick 1 | . 1 . . . . . . . . . . . . . . . . . . . . Crush 22 | . . 6 . 4 9 . . . . . . . 1 . 1 . . 1 . . . Escape Stasis . | . . . . . . . . . . . . . . . . . . . . . . Rewire 1 | . . . . . . . . . . . . . . . . 1 . . . . . Trap . | . . . . . . . . . . . . . . . . . . . . . . Miscellaneous . | . . . . . . . . . . . . . . . . . . . . . . Route ------- -11/Junkyard -10/Materials (discovered 5 exits: [*Mat x3] / *Min x2) -10/Mines (discovered 2 exits: [*Mat] / *Exi) -10/Exiles (discovered 2 exits: [*Min x2]) -9/Mines (discovered 2 exits: *Mat x2) -8/Materials -7/Factory -7/Lower Caves -7/Lower Caves (discovered 2 exits: *Fac / *Dat) -7/Data Miner -6/Proximity Caves -6/Factory (discovered 2 exits: Fac / DSF) -6/DSF -5/Factory -5/Upper Caves -5/Upper Caves (discovered 2 exits: *Fac / *Zhi) -5/Zhirov -4/Proximity Caves -4/Factory (discovered 4 exits: *Upp x2 / Ext x2) -4/Upper Caves -4/Upper Caves -4/Warlord (discovered 1 exit: [*Pro]) History --------- Turn | Location | Event 1 | -11/Junkyard | Discovered new exit (range 3) 31 | -11/Junkyard | Entered Materials 111 | -10/Materials | Identified exit to Mines 306 | -10/Materials | Build established: Mutant 500 | -10/Materials | Derelicts attacked the area 628 | -10/Materials | Discovered new exit (range 5) 915 | -10/Materials | Discovered new exit (range 5) 1001 | -10/Materials | Discovered new exit (range 5) 1425 | -10/Materials | Entered Mines 1617 | -10/Mines | Learned 2 Materials zone layouts 1621 | -10/Mines | Received a Rocket Launcher from a helpful Derelict 1675 | -10/Mines | Assembled infested the area 1941 | -10/Mines | Discovered new exit (range 11) 1963 | -10/Mines | Joined a pair of Derelicts in attacking an 0b10 outpost 2445 | -10/Mines | Found a damaged Exp. Sensor Array with a note attached 2450 | -10/Mines | Discovered new exit (range 9) 2456 | -10/Mines | Learned location of Zion (-6) 2467 | -10/Mines | Found Prototype Device 2588 | -10/Mines | Entered Exiles 2609 | -10/Exiles | Discovered new exit (range 15) 2628 | -10/Exiles | Met 8R-AWN 2657 | -10/Exiles | Met EX-HEX 2735 | -10/Exiles | Met EX-BIN 2778 | -10/Exiles | Aligned with FarCom system 2780 | -10/Exiles | Given EX-Vault access code 2826 | -10/Exiles | Opened EX-Vault 2833 | -10/Exiles | Found Prototype Energy Cannon 2833 | -10/Exiles | Identified YOLO Cannon 2838 | -10/Exiles | Found Prototype Energy Cannon 2838 | -10/Exiles | Identified Firepult 2852 | -10/Exiles | Found Prototype Storage 2852 | -10/Exiles | Identified Superbattery 2973 | -10/Exiles | Warned to stay clear of 0b10 Research branches 3045 | -10/Exiles | Met EX-DEC 3181 | -10/Exiles | Visited The Gauntlet 3854 | -10/Exiles | Discovered new exit (range 10) 3876 | -10/Exiles | Left Exiles lab with Firepult 3876 | -10/Exiles | Entered Mines 3922 | -9/Mines | Discovered new exit (range 6) 4423 | -9/Mines | A weapon hastily lodged in a ceiling crevice suddenly fell to the ground 4679 | -9/Mines | Discovered new exit (range 6) 4713 | -9/Mines | Entered Materials 4713 | -8/Materials | Evolved 4 slots: Propulsion x2, Utility x2 4833 | -8/Materials | Garrison activated, responded to threat 5116 | -8/Materials | Garrison activated, responded to threat 5300 | -8/Materials | Build established: Scavenger-Mutant 5960 | -8/Materials | Discovered new exit (range 15) 6761 | -8/Materials | Entered Factory 6761 | -7/Factory | Evolved 2 slots: Utility x2 6817 | -7/Factory | Identified Exp. Sensor Array 7094 | -7/Factory | Discovered new exit (range 5) 7112 | -7/Factory | Build established: Scavenger-Skirmisher 7170 | -7/Factory | Entered Lower Caves 7377 | -7/Lower Caves | Learned 8 Factory zone layouts 7448 | -7/Lower Caves | Learned Factory security intel 7473 | -7/Lower Caves | Build established: Scavenger-Mutant 7521 | -7/Lower Caves | Attracted the attention of an 0b10 checkpoint 7619 | -7/Lower Caves | Encountered a Warlord checkpoint 7853 | -7/Lower Caves | Learned Factory terminal intel 7871 | -7/Lower Caves | Discovered new exit (range 12) 7889 | -7/Lower Caves | Entered another Lower Caves area 7927 | -7/Lower Caves | Ambushed by wild Derelicts 8022 | -7/Lower Caves | Discovered new exit (range 7) 8239 | -7/Lower Caves | Learned 4 Factory zone layouts 8287 | -7/Lower Caves | Build established: Mutant 8479 | -7/Lower Caves | Learned Factory garrison access intel 8525 | -7/Lower Caves | Discovered new exit (range 8) 8537 | -7/Lower Caves | Entered Data Miner 8537 | -7/Data Miner | Discovered new exit (range 6) 8568 | -7/Data Miner | Met Data Miner 8608 | -7/Data Miner | Learned location of Section 7 (-2) 8608 | -7/Data Miner | Acquired the access code to Warlord's prototype stash 8655 | -7/Data Miner | Received God Mode back door access code from Data Miner 8722 | -7/Data Miner | Entered Proximity Caves 8835 | -6/Proximity Caves | Escorted by Enhanced Grunt 8935 | -6/Proximity Caves | Learned Factory interactive machine intel 9112 | -6/Proximity Caves | Attracted the attention of an 0b10 checkpoint 9142 | -6/Proximity Caves | Discovered new exit (range 5) 9149 | -6/Proximity Caves | Entered Factory 9149 | -6/Factory | Accompanied by 1 ally 9149 | -6/Factory | Evolved 2 slots: Power x1, Utility x1 9150 | -6/Factory | Identified exit to Factory 9152 | -6/Factory | Loaded intel: 52 interactive machine locations 9153 | -6/Factory | Loaded intel: 26 terminal locations 9154 | -6/Factory | Loaded intel: 4 garrison access locations 9235 | -6/Factory | Identified exit to DSF 9235 | -6/Factory | Entered DSF 9235 | -6/DSF | Accompanied by 1 ally 9280 | -6/DSF | Additional patrols routed to DSF 9404 | -6/DSF | Discovered exit to Factory (range 15) 9452 | -6/DSF | Build established: Skirmisher 9549 | -6/DSF | Sterilization system engaged 9569 | -6/DSF | Ambient heat levels rising (+10) 9571 | -6/DSF | Entered Factory 9571 | -5/Factory | Evolved 2 slots: Propulsion x1, Utility x1 10173 | -5/Factory | Discovered new exit (range 4) 10218 | -5/Factory | Build established: Scavenger-Mutant 10328 | -5/Factory | Entered Upper Caves 10347 | -5/Upper Caves | Attracted the attention of an 0b10 checkpoint 10354 | -5/Upper Caves | Met a Warlord Commander 10355 | -5/Upper Caves | Learned location of Warlord (-4) 10360 | -5/Upper Caves | Found Encrypted Comm Array 11051 | -5/Upper Caves | Discovered new exit (range 11) 11070 | -5/Upper Caves | Entered another Upper Caves area 11119 | -5/Upper Caves | Learned Factory interactive machine intel 11313 | -5/Upper Caves | Discovered new exit (range 4) 11736 | -5/Upper Caves | Discovered new exit (range 5) 11742 | -5/Upper Caves | Entered Zhirov 11742 | -5/Zhirov | Discovered new exit (range 3) 11772 | -5/Zhirov | Met Zhirov 11803 | -5/Zhirov | Learned location of Testing (-3) 11803 | -5/Zhirov | Learned location of Quarantine (-2) 11841 | -5/Zhirov | Zhirov requested help retrieving the SGEMP Prototype 11871 | -5/Zhirov | Found Alien Artifact 11871 | -5/Zhirov | Identified Integrated Dissipator 11871 | -5/Zhirov | Installed Integrated Dissipator, increased core heat dissipation (+20) 11902 | -5/Zhirov | Found Alien Artifact 12194 | -5/Zhirov | Entered Proximity Caves 12782 | -4/Proximity Caves | Build established: Mutant 12825 | -4/Proximity Caves | Learned location of 1 exit from Research 13250 | -4/Proximity Caves | Discovered new exit (range 5) 13524 | -4/Proximity Caves | Entered Factory 13524 | -4/Factory | Evolved 2 slots: Propulsion x1, Weapon x1 13525 | -4/Factory | Loaded intel: 54 interactive machine locations 13541 | -4/Factory | Identified exit to Upper Caves 13541 | -4/Factory | Identified exit to Extension 13839 | -4/Factory | Build established: Skirmisher 13993 | -4/Factory | Entered Upper Caves 14364 | -4/Upper Caves | Attracted the attention of an 0b10 checkpoint 14864 | -4/Upper Caves | Learned location of 1 exit from Research 14928 | -4/Upper Caves | Discovered new exit (range 10) 14948 | -4/Upper Caves | Entered another Upper Caves area 14989 | -4/Upper Caves | Attracted the attention of an 0b10 outpost 15078 | -4/Upper Caves | Lost 8 parts (1p1n5u1w) 15188 | -4/Upper Caves | Encountered a Warlord checkpoint 15384 | -4/Upper Caves | Build established: Mutant 15397 | -4/Upper Caves | Learned Research emergency access door positions 15874 | -4/Upper Caves | Discovered new exit (range 8) 15901 | -4/Upper Caves | Entered Warlord 15937 | -4/Warlord | Build established: Tank 15961 | -4/Warlord | System corruption cleaned by Quarantine Array 16261 | -4/Warlord | Found Prototype Special Weapon 16264 | -4/Warlord | Found Prototype Special Weapon 16266 | -4/Warlord | Found Prototype Special Weapon 16269 | -4/Warlord | Found Prototype Special Weapon 16271 | -4/Warlord | Found Prototype Special Weapon 16274 | -4/Warlord | Found Prototype Special Weapon 16445 | -4/Warlord | Met Warlord 16466 | -4/Warlord | Opened Warlord's prototype stash 16470 | -4/Warlord | Warlord's base attacked by MAIN.C 16474 | -4/Warlord | Found Prototype Reactor 16474 | -4/Warlord | Identified Vortex Chain Reactor 16479 | -4/Warlord | Found Prototype Device 16479 | -4/Warlord | Identified Exp. Cloaking Device 16487 | -4/Warlord | Found Prototype Processor 16487 | -4/Warlord | Identified Exp. Target Analyzer 16491 | -4/Warlord | Found Prototype Device 16491 | -4/Warlord | Identified Thermal Barrier 16689 | -4/Warlord | Found Prototype Ballistic Cannon 16689 | -4/Warlord | Identified Hvy. Autocannon 16794 | -4/Warlord | Found Prototype Energy Gun 16794 | -4/Warlord | Identified Vortex Shotgun 16803 | -4/Warlord | Found Prototype Piercing Weapon 16803 | -4/Warlord | Identified Vortex Lance 16820 | -4/Warlord | Warlord forces counterattacked 16823 | -4/Warlord | Found Vortex Shotgun 16923 | -4/Warlord | Spotted Executioner 16925 | -4/Warlord | Spotted Executioner 16951 | -4/Warlord | Destroyed Executioner 16956 | -4/Warlord | Destroyed Executioner 16981 | -4/Warlord | Spotted Striker 16998 | -4/Warlord | Spotted Executioner 17092 | -4/Warlord | Spotted Executioner 17096 | -4/Warlord | Spotted Striker 17145 | -4/Warlord | Warlord base infiltrated, sounded retreat 17272 | -4/Warlord | Discovered new exit (range 15) 17272 | -4/Warlord | Spotted Striker 17272 | -4/Warlord | Spotted Executioner 17295 | -4/Warlord | Identified RU-N14's Throwing Claymores v3 (x5) 17302 | -4/Warlord | Destroyed Executioner 17332 | -4/Warlord | Found Prototype Processor 17332 | -4/Warlord | Identified Exp. Core Analyzer 17338 | -4/Warlord | Lost 7 parts (1p3n1u2w) 17377 | -4/Warlord | Spotted Executioner 17383 | -4/Warlord | System corruption reached 10% 17392 | -4/Warlord | Spotted Executioner 17395 | -4/Warlord | Destroyed Executioner 17396 | -4/Warlord | Spotted Executioner 17407 | -4/Warlord | Core integrity fell below 50% 17419 | -4/Warlord | Core integrity fell below 20% 17424 | -4/Warlord | Destroyed by G-67 Veteran with Plasma Rifle Last Messages --------------- 17409_ Slug penetrates Wall. 17410_ The unstable cave ceiling collapses. 17410_ Penetrated by Slug. 17410_ Arm. Medium Treads destroyed. 17411_ Enh. Biometal Leg destroyed. 17412_ Lgt. Nuclear Core destroyed. 17412_ Penetrated by Slug. 17412_ Flexi-carbon Leg destroyed. 17415_ RU-N14's Throwing Claymores v3 destroyed. 17415_ Penetrated by Slug. 17415_ Slug penetrates Wall. 17416_ Penetrated by Slug. 17416_ Slug penetrates Wall. 17418_ The unstable cave ceiling collapses. 17419_ Penetrated by Slug. 17421_ System corrupted: IFF burst signal emitted. 17421_ The unstable cave ceiling collapses. 17422_ Penetrated by Slug. 17422_ RU-N14's Throwing Claymores v3 destroyed. 17423_ P-70 Sage resets Executioner, system corruption cleaned. Map ----- +----------------------------------------------------+ | | | | | | | | | | | ??????????????????????????????? | | ??????????????????????????????? | | ??????????????????????????????? | | ??????????????????????????????? | | ??????????????????????????????? | | ??????????????????????????????? | | ??????????????????????????????? | | ??????????????????????????????? | | ???????????????????????##?????? | | ???????????????????????# ?????? | | ?????????????????????### ???##? | | ??????????????????#### # ??? #? | | ????????????????### # ### ?? | | ???????????????## # ; ?? | | ??????????????## ;### | | ??????????????# !!< < | | ??????????? ### !%/% ? | | ???????? ;; ]=]=;;#? | | ???????? ; !%= ## | | ????????#" # !! # | | ?????????"" # # %%% @ # | | ??????????"# # ### * g | | ?????????# # EE | | ??????????# pgp # # | | ???????????## = = %[g # | | ????????????## # # ! ;# | | ?????????????## *[ # # " | | ??????????????# = ;"# | | ??????????????# # [%= # | | ??##########??### % # %= ; | | ### # # ##??# ;% ; | | "#*##""!!=#*#### ; ; | | *!! |=[![ ### %;;## | | !=%[%*=%!== ## # = ;; #? | | !%%*=]&=%%[= # # % ## #? | | **%=* =%[%% % = ###? | | ==%=[%=!=% [% "%"# #??? | | =%[*%=![![=[### " # #??? | | ![[ =*!!% # # ### ##?? | | ! % *==## ## " ### #?? | | """"##"##"###### #"## # #?? | | "" #### ##???#" # # #?? | | ######?# #?????# ^### #?? | | ???????##?????? ### ##?? | | ??????????????# ##?# #??? | +----------------------------------------------------+ Best States ------------- Heat Dissipation 137 Energy Generation 55 Energy Capacity 1100 Matter Stores 300 Matter Capacity 300 Sight Range 16 Robot Scan Range 20 Terrain Scan Range 20 Terrain Scan Density 10 Cloak Strength 4 Armor Coverage 525 Resistance: TH 50 Utility Shielding 90 Weapon Shielding 66 Evasion (%) 55 Target Analysis 10 Core Analysis 8 Recoil Reduction 8 Particle Charging 30 Item Schematics ----------------- Combat Drone Bay | -7/Data Miner | Free Lgt. Regenerative Plating | -7/Data Miner | Free Biomechanical Wings | -7/Data Miner | Free Exp. Propulsion Shielding | -7/Data Miner | Free Scatter Rocket Array | -7/Data Miner | Free Gyrokinetic Inverter | -7/Data Miner | Free Imp. Coolant Injector | -7/Data Miner | Free Hvy. Phase Cannon | -7/Data Miner | Free Focal Shield | -7/Data Miner | Free Assault Drone Bay | -5/Zhirov | Free Exp. Heat Sink | -5/Zhirov | Free Exp. Optical Array | -5/Zhirov | Free Imp. Arc Thrower | -5/Zhirov | Free Robot Schematics ------------------ G-50 Soldier | -7/Data Miner | Free S-27 Virus | -7/Data Miner | Free Y-54 Guardian | -7/Data Miner | Free L-41 Fighter | -7/Data Miner | Free M-22 Extractor | -7/Data Miner | Free A-15 Conveyor | -7/Data Miner | Free B-60 Warrior | -7/Data Miner | Free Fabricated ------------ Nothing Alien Tech Used ----------------- Integrated Dissipator Achievements -------------- Preemptive Strike Pyromaniac Tank Challenges ------------ None Game ------ Seed MagneticDirtyDatajack Manual? 0 Play Time 02:31:38 Cumulative 75.6 hours Start 2023.08.11 @ 11:55:11 End 2023.08.12 @ 02:15:44 Sessions 3 Manual Loads 0 Difficulty Rogue Special Mode None Game No. 42 Rogue 42 Adventurer 0 Explorer 0 Win Type - Total 2 Types 2/0/0/0/0/0/0/0/0 Lore% 41 Gallery% 57 Achievement% 41 Wizard Run 0 Options --------- ASCII 0 Keyboard 1 Movement Numpad Keybinds 0 Fullscreen 1 Font 24/Smallcaps Map View 76x50 Tactical HUD 1 Map Filters NONE Filters NONE Steam 1 RUN: 4b64a20a-092e-4976-8db5-ef7ca4730ce3